 Dungeon Crawl Stone Soup version 0.32-a0-931-g5a2cda0630 (webtiles) character file.

Game seed: 5232390164204550440

25 Meejax the Slasher (level 2, 22/22 HPs)
             Began as a Demonspawn Gladiator on Apr 13, 2024.
             Got out of the dungeon alive.
             The game lasted 00:01:07 (641 turns).

Meejax the Slasher (Demonspawn Gladiator)            Turns: 641, Time: 00:01:07

Health: 22/22      AC:  4    Str: 14    XL:     2   Next: 86%
Magic:  2/2        EV: 11    Int:  8    God:
Gold:   100        SH:  0    Dex: 14    Spells: 1/1 levels left

rFire   . . .        a - +0 long sword
rCold   . . .        (no shield)
rNeg    . . .        b - +0 leather armour
rPois   .            c - +0 helmet
rElec   .            (no cloak)
rCorr   .            (no gloves)
SInv    .            (no boots)
Will    .....        g - amulet of regeneration
Stlth   +            (no ring)
HPRegen 1.03/turn    (no ring)
MPRegen 0.08/turn

%: no passive effects
@: no status effects
A: weakness stinger 1
a: no special abilities


You escaped.
You visited 1 branch of the dungeon, and saw 1 of its levels.

You collected 100 gold pieces.

Inventory:

Hand Weapons
 a - a +0 long sword (weapon)
Missiles
 d - 3 throwing nets (quivered)
 e - a javelin
Armour
 b - a +0 leather armour (worn)
 c - a +0 helmet (worn)
Jewellery
 g - an amulet of regeneration (around neck)
Scrolls
 i - a scroll of vulnerability {unknown}
Potions
 f - a potion of lignification {unknown}
 h - 2 potions of mutation {unknown}
 j - a potion of curing {unknown}


   Skills:
 + Level 2.2 Fighting
 + Level 3.1 Long Blades
 + Level 2.0 Throwing
 + Level 0.1 Armour
 + Level 3.0 Dodging
 + Level 0.4 Stealth


You had one spell level left.
You didn't know any spells.
Your spell library contained the following spells:

 Spells                   Type           Power      Damage    Failure   Level
 Ensorcelled Hibernation  Hex/Ice        0%         N/A       63%         2
 Passwall                 Erth           0%         N/A       86%         3
 Swiftness                Air            0%         N/A       86%         3


Dungeon Overview and Level Annotations

Branches:
Dungeon (1/15)

Altars:


Innate Abilities, Weirdness & Mutations

You have a small tail.


Message History

A quokka comes into view.
A quokka is nearby!
A quokka is nearby!
You miss the quokka. The quokka bites you.
You barely miss the quokka.
You tail-slap the quokka, but do no damage.
The quokka closely misses you. The quokka bites you.
You barely miss the quokka.
Your tail-slap misses the quokka.
The quokka closely misses you.
You closely miss the quokka.
Your tail-slap misses the quokka.
The quokka bites you but does no damage.
The quokka barely misses you.
You miss the quokka.
Your tail-slap misses the quokka.
The quokka misses you.
You hit the quokka but do no damage.
The quokka bites you but does no damage.
The quokka barely misses you.
You slash the quokka!
You kill the quokka!
You see here a quokka corpse.
No target in view!
You now have 100 gold pieces (gained 8).
j - a pink potion
Found a spear.
You enter the shallow water.
Moving in this stuff is going to be slow.
You enter the shallow water.
Moving in this stuff is going to be slow.
Found a club.
You enter the shallow water.
Moving in this stuff is going to be slow.
You enter the shallow water.
Moving in this stuff is going to be slow.
You enter the shallow water.
Moving in this stuff is going to be slow.
There is a large open door here.
There is a large open door here.
There is a large open door here.
There is a staircase leading out of the dungeon here.
Alright, then stay!
You have escaped!

..~~~~~≈~~~~~~~~~~~~ #.#.
..~..ß..........ß..~ #.#.
..~.##############.~##+# #.#.
#.~ß#~~~~~#.≈≈.#.#ß~.#.# #...
#.~.#~...~#.≈≈.#.#.~.#.### ###.
#.~.#~.#.~#§≈≈.#.#.~.#.#.## #.
..~ß#~.#.~#§§§.#.#.~....#.## #.
..~.#~.#.~#.≈≈.#.#.~...###.## #.
#...'..#..'....'@#.~..## ##.##
#. #...'..#..'..§.'.#.~.##
##)###. ##~.#~.#.~#.≈≈.#.#.~..##
##...†..
#~ß#~.#.~#.§≈.#.#.~.#.###.######
#~.#~.#.~#.≈≈.#.#.~##..#.##
#~.#~...~#.§≈.#.#.~ #.#.##
#~ß#~~~~~#.§≈.#.#ß~ #.###
#~.##############.~##.#########
#~..ß........). ..~.#..........


There were no monsters in sight!

Vanquished Creatures
  2 endoplasms (D:1)
  2 goblins (D:1)
  A hobgoblin (D:1)
  3 quokkas (D:1)
  A ball python (D:1)
  5 bats (D:1)
  2 frilled lizards (D:1)
  4 kobolds (D:1)
  3 rats (D:1)
23 creatures vanquished.

Notes
Turn   | Place    | Note
-------+----------+-------------------------------------------
     0 | D:1      | Meejax the Demonspawn Gladiator began the quest for the
                  | Orb.
     0 | D:1      | Reached XP level 1. HP: 16/16 MP: 1/1
   244 | D:1      | Gained mutation: You have a small tail. [demonic ancestry]
   244 | D:1      | Reached XP level 2. HP: 20/22 MP: 2/2
   641 | D:$      | Got out of the dungeon alive.

Illustrated notes

Levels and vault maps discovered:
D:1:      lightli_arrival_isolated_outpost, layout_loops_corners

Skill      XL: |  1  2 |
---------------+-------+-----
Throwing       | 2 |  2.0
Long Blades    | 3 |  3.1
Dodging        | 3 |  3.0
Fighting       | |  2.2
Armour         | |  0.1
Stealth        | |  0.4

Action                     || total
---------------------------++-------
  Melee: Long sword        ||    78
         Tailslap          ||     5
   Stab: Sleeping          ||     1
 Armour: Leather armour    ||    64
  Dodge: Dodged            ||    70

Table legend: (Time is in decaauts)
 A = Elapsed time spent in this place.
 B = Non-inter-level travel time spent in this place.
 C = Inter-level travel time spent in this place.
 D = Time resting spent in this place.
 E = Time spent auto-exploring this place.
 F = Levels seen in this place.
 G = Mean time per level.
                   A        B        C        D        E       F      G
               +--------+--------+--------+--------+--------+-----+--------+
         Total |    664 |    636 |     28 |      0 |    422 |   1 |  664.0 |
       Dungeon |    664 |    636 |     28 |      0 |    422 |   1 |  664.0 |
               +--------+--------+--------+--------+--------+-----+--------+

Top non-repeatable levels by time:
     D:1: 664 daAuts
